[Event "ICCopen2017"]
[Site "Internet Chess Club"]
[Date "2017.03.25"]
[Round "3"]
[White "rugsy"]
[Black "alekhsay"]
[Result "1-0"]
[ICCResult "Black forfeits on time"]
[WhiteElo "1378"]
[BlackElo "952"]
[Opening "King's pawn opening"]
[ECO "B07"]
[NIC "VO.17"]
[Time "14:27:13"]
[TimeControl "180+0"]

1. e4 d6 2. d4 g6 3. f4 Bg7 4. e5 Bf5 5. Bd3 Nc6 6. Bxf5 gxf5 7. c3 Qd7 8.
Nf3 O-O-O 9. O-O f6 10. Qe2 fxe5 11. fxe5 dxe5 12. Nxe5 Qd5 13. Nxc6 bxc6
14. Qf3 Bxd4+ 15. cxd4 Qxd4+ 16. Qf2 Qg4 17. Qxf5+ Qxf5 18. Rxf5 Rd1+ 19.
Rf1 Rxf1+ 20. Kxf1 e5 21. Nc3 Ne7 22. Be3 Nf5 23. Bxa7 Rf8 24. Ke2 Nd4+ 25.
Bxd4 exd4 26. Ne4 Re8 27. Kf3 c5 28. Rc1 Rf8+ 29. Ke2 Kd7 30. Rxc5
{Black forfeits on time}
1-0

[Event "ICCopen2017"]
[Site "Internet Chess Club"]
[Date "2017.03.25"]
[Round "3"]
[White "Tasmaniandevil"]
[Black "Piranha"]
[Result "1-0"]
[ICCResult "Black resigns"]
[WhiteElo "1991"]
[BlackElo "1665"]
[Opening "Sicilian: Smith-Morra gambit"]
[ECO "B21"]
[NIC "SI.48"]
[Time "14:28:31"]
[TimeControl "180+0"]

1. e4 c5 2. d4 cxd4 3. c3 d3 4. Bxd3 Nc6 5. c4 d6 6. h3 g6 7. Nf3 Bg7 8. O-O
Nf6 9. Nc3 O-O 10. Be3 Ne5 11. Nxe5 dxe5 12. c5 e6 13. b4 Bd7 14. a4 Qe7 15.
Qb3 Rfc8 16. Rfd1 Nh5 17. Rac1 Nf4 18. Bf1 g5 19. Rd6 Qe8 20. Rcd1 Rc7 21.
Nb5 Bxb5 22. axb5 Rcc8 23. g3 Ng6 24. Rd7 Rd8 25. Rxb7 Rxd1 26. Qxd1 h6 27.
Qd7 Qf8 28. c6 Bf6 29. Bc5 Qg7 30. c7 {Black resigns} 1-0

[Event "ICCopen2017"]
[Site "Internet Chess Club"]
[Date "2017.03.25"]
[Round "3"]
[White "BUHO64"]
[Black "uncledougie"]
[Result "1-0"]
[ICCResult "Black forfeits on time"]
[WhiteElo "1895"]
[BlackElo "1967"]
[Opening "Sicilian: dragon, Yugoslav attack, 9.Bc4"]
[ECO "B77"]
[NIC "SI.18"]
[Time "14:27:34"]
[TimeControl "180+0"]

1. e4 c5 2. Nf3 d6 3. d4 cxd4 4. Nxd4 Nf6 5. Nc3 g6 6. Be3 Bg7 7. f3 O-O 8.
Qd2 Nc6 9. Bc4 Ne5 10. Bb3 Bd7 11. h4 Qa5 12. O-O-O Rfc8 13. g4 Rc5 14. Nde2
Nc4 15. Bxc4 Rxc4 16. h5 b5 17. hxg6 fxg6 18. Kb1 b4 19. Nd5 Nxd5 20. exd5
Rac8 21. Rc1 Qc7 22. Nd4 a5 23. Qh2 h5 24. gxh5 g5 25. Rhg1 Bxd4 26. Bxd4
Rxd4 27. Rxg5+ Kh7 28. h6 Rg8 29. Qg3 Qc8 30. Rg7+ Kh8 31. Rg1 Bg4 32. Rh7+
{Black forfeits on time}
1-0

[Event "ICCopen2017"]
[Site "Internet Chess Club"]
[Date "2017.03.25"]
[Round "3"]
[White "thxgg"]
[Black "checkmatiste"]
[Result "0-1"]
[ICCResult "White forfeits on time"]
[WhiteElo "1861"]
[BlackElo "1562"]
[Opening "Nimzo-Indian: Reshevsky variation"]
[ECO "E46"]
[NIC "NI.10"]
[Time "14:27:02"]
[TimeControl "180+0"]

1. d4 Nf6 2. c4 e6 3. Nc3 Bb4 4. e3 O-O 5. Ne2 d6 6. a3 Bxc3+ 7. Nxc3 Nbd7
8. Be2 e5 9. O-O Qe7 10. b4 Re8 11. Bf3 Rb8 12. Bb2 e4 13. Be2 c6 14. Rc1 d5
15. cxd5 cxd5 16. Nb5 Nf8 17. Rc7 Qd8 18. Qc2 a6 19. Na7 Be6 20. Rc1 Ng6 21.
h3 h6 22. b5 Kh7 23. a4 axb5 24. Bxb5 Rf8 25. Ba3 Rg8 26. Qc5 Ne8 27. Bxe8
Qxe8 28. Nb5 b6 29. Qd6 Ra8 30. Rb7 Rxa4 31. Rxb6 Qd8 32. Nc7 Qxd6 33. Bxd6
h5 34. Nxe6 fxe6 35. Rc7 Ra1+ 36. Kh2 Ra2 37. Bc5 Rxf2 38. Rxe6 Nh4 39. Kh1
Re2 40. Rd6 Nxg2 41. Rxd5 Kh6 42. Rc6+ g6 43. Be7 Nxe3 44. Bg5+ Kh7 45. Rd7+
Rg7 46. Rxg7+ Kxg7 47. Bxe3 Rxe3 48. d5 Rxh3+ {White forfeits on time} 0-1

[Event "ICCopen2017"]
[Site "Internet Chess Club"]
[Date "2017.03.25"]
[Round "3"]
[White "playwaycool"]
[Black "BlackHorse96"]
[Result "0-1"]
[ICCResult "White resigns"]
[WhiteElo "2263"]
[BlackElo "3056"]
[Opening "Réti opening"]
[ECO "A04"]
[NIC "QP.11"]
[Time "14:28:20"]
[TimeControl "180+0"]

1. Nf3 g6 2. c4 Bg7 3. g3 Nf6 4. Bg2 O-O 5. O-O d6 6. d3 Nbd7 7. Nbd2 Re8 8.
Rb1 a5 9. a3 a4 10. h3 c6 11. Re1 e5 12. e4 Nc5 13. Qc2 Qb6 14. b3 axb3 15.
Nxb3 Nxb3 16. Qxb3 Qxb3 17. Rxb3 Nd7 18. Bf1 Nc5 19. Rb1 Be6 20. Nd2 Reb8
21. Nb3 Nxb3 22. Rxb3 b5 23. Rc3 c5 24. cxb5 Rxb5 25. Be3 Bf6 26. Ra1 Rb2
27. a4 Bd8 28. Rca3 Ba5 29. Bc1 Rc2 30. d4 exd4 31. Bb5 c4 32. Rf3 d3 33.
Be3 d2 34. Rd1 c3 35. Be2 Bb3 36. Bf4 Rb2 37. Kg2 Bxd1 38. Bxd1 c2 39. Bxc2
Rxc2 40. Rd3 Rc1 41. Bxd2 Rd1 {White resigns} 0-1

[Event "ICCopen2017"]
[Site "Internet Chess Club"]
[Date "2017.03.25"]
[Round "3"]
[White "Shafkat"]
[Black "tdimarco"]
[Result "1-0"]
[ICCResult "Black resigns"]
[WhiteElo "1501"]
[BlackElo "1227"]
[Opening "Ruy Lopez: old Steinitz defense"]
[ECO "C62"]
[NIC "RL.02"]
[Time "14:27:35"]
[TimeControl "180+0"]

1. e4 e5 2. Nf3 Nc6 3. Bb5 d6 4. d4 exd4 5. Nxd4 Bd7 6. Nxc6 Bxc6 7. Bxc6+
bxc6 8. Nc3 Nf6 9. Bg5 Be7 10. O-O h6 11. Bh4 O-O 12. Kh1 Nd7 13. Bxe7 Qxe7
14. f4 Rfe8 15. Qe2 Nc5 16. Rae1 Rab8 17. b3 f6 18. Qc4+ Kh8 19. e5 dxe5 20.
fxe5 fxe5 21. Rf7 Qd6 22. Qg4 Rg8 23. Rd1 Qe6 24. Qf3 e4 25. Qf4 Rbd8 26.
Rxd8 Rxd8 27. Rf8+ Rxf8 28. Qxf8+ Kh7 29. Qxc5 e3 30. Ne2 Qd5 31. Qxd5 cxd5
32. g3 Kg6 33. Kg2 Kf5 34. Kf3 Ke5 35. Kxe3 c5 36. c3 g5 37. h4 gxh4 38.
gxh4 a5 39. a4 Ke6 40. Kf4 Kf6 41. h5 Ke6 42. Ng3 d4 43. cxd4 cxd4 44. Ke4
Kd6 45. Kxd4 Ke6 46. Ne4 Ke7 47. Nc5 Kd6 48. Kc4 Kc6 49. Ne4 Kb6 50. Nf6 Kc6
51. Ng8 Kb6 52. Nxh6 Kc6 53. Nf7 Kd7 54. h6 Ke7 55. h7 Kxf7 56. h8=Q Ke6 57.
Kb5 Kd5 58. Kxa5 Kd6 59. b4 Kc6 60. b5+ Kb7 61. Qg7+ Kc8 62. Kb6 Kd8 63. Kc6
Ke8 64. Kd6 {Black resigns} 1-0

[Event "ICCopen2017"]
[Site "Internet Chess Club"]
[Date "2017.03.25"]
[Round "3"]
[White "flinkfinger"]
[Black "HangMySack"]
[Result "1-0"]
[ICCResult "Black forfeits on time"]
[WhiteElo "2179"]
[BlackElo "1732"]
[Opening "English: Caro-Kann defensive system"]
[ECO "A11"]
[NIC "EO.64"]
[Time "14:27:32"]
[TimeControl "180+0"]

1. c4 c6 2. Nf3 d5 3. e3 Nf6 4. Nc3 Bg4 5. cxd5 cxd5 6. Qb3 Bxf3 7. Qxb7
Nbd7 8. gxf3 e6 9. Nb5 Rc8 10. Qxa7 Bc5 11. Qa4 O-O 12. d4 Nb6 13. Qd1 Bb4+
14. Bd2 Qe7 15. Nc3 Rc7 16. Bd3 Rfc8 17. f4 Nc4 18. Bxc4 Rxc4 19. a3 Bxc3
20. Bxc3 Ne4 21. Bb4 Qh4 22. O-O Rc2 23. Qf3 Rxb2 24. Be1 Rcc2 25. a4 f5 26.
a5 g5 27. fxg5 Nxg5 28. Qg3 Qh5 29. h4 {Black forfeits on time} 1-0

[Event "ICCopen2017"]
[Site "Internet Chess Club"]
[Date "2017.03.25"]
[Round "3"]
[White "Cowboystiefel"]
[Black "PerMag"]
[Result "1-0"]
[ICCResult "Black resigns"]
[WhiteElo "2117"]
[BlackElo "1693"]
[Opening "Benoni: fianchetto variation"]
[ECO "A62"]
[NIC "BI.23"]
[Time "14:28:03"]
[TimeControl "180+0"]

1. d4 Nf6 2. c4 e6 3. g3 c5 4. d5 exd5 5. cxd5 d6 6. Nc3 g6 7. Bg2 Bg7 8.
Nf3 O-O 9. O-O Re8 10. Bf4 a6 11. a4 Qc7 12. Rc1 Nbd7 13. b4 b6 14. a5 bxa5
15. bxc5 Nxc5 16. Na4 Qa7 17. Nxc5 dxc5 18. Be3 Ne4 19. Qd3 Bf5 20. Qc4 Rac8
21. Nh4 Nd6 22. Qa4 Nb7 23. Nxf5 gxf5 24. Qf4 Qb6 25. Qxf5 Nd6 26. Qh5 Re5
27. Qg4 Rce8 28. Bxc5 Qd8 29. Qa4 Rxe2 30. Bf3 Rb2 31. Rfd1 Qf6 32. Qf4 Qxf4
33. gxf4 Rd8 34. Re1 h6 35. Re7 Bf6 36. Ra7 Nb5 37. Rxa6 Nc3 38. Rxa5 Nxd5
39. Rd1 Nc3 40. Rxd8+ Bxd8 41. Ra8 Rd2 42. Be7 {Black resigns} 1-0

[Event "ICCopen2017"]
[Site "Internet Chess Club"]
[Date "2017.03.25"]
[Round "3"]
[White "Buscapina"]
[Black "Dinamit"]
[Result "0-1"]
[ICCResult "White resigns"]
[WhiteElo "2102"]
[BlackElo "2628"]
[Opening "Sicilian: Smith-Morra gambit"]
[ECO "B21"]
[NIC "SI.48"]
[Time "14:28:02"]
[TimeControl "180+0"]

1. e4 c5 2. d4 cxd4 3. c3 dxc3 4. Nxc3 Nc6 5. Nf3 e6 6. Bc4 a6 7. O-O Qc7 8.
Qe2 Nf6 9. h3 b5 10. Bb3 Bd6 11. Be3 O-O 12. Rac1 Qb8 13. Rfd1 Bb7 14. Bg5
Nh5 15. Rxd6 Qxd6 16. e5 Qb8 17. Ne4 Nxe5 18. g4 Nxf3+ 19. Qxf3 f5 20. gxf5
Qe5 21. Re1 Qxf5 22. Qxh5 Bxe4 23. Qh4 Bd5 24. Bd1 Rac8 25. a3 Rc4 26. Qg3
Re4 27. Be3 Qe5 28. Qxe5 Rxe5 29. Bc2 Rh5 30. Kh2 Rf3 {White resigns} 0-1

[Event "ICCopen2017"]
[Site "Internet Chess Club"]
[Date "2017.03.25"]
[Round "3"]
[White "Brothersinarms"]
[Black "mongmong"]
[Result "1-0"]
[ICCResult "Black resigns"]
[WhiteElo "1806"]
[BlackElo "1381"]
[Opening "French: Tarrasch, open variation"]
[ECO "C07"]
[NIC "FR.18"]
[Time "14:28:45"]
[TimeControl "180+0"]

1. e4 e6 2. d4 d5 3. Nd2 c5 4. c3 cxd4 5. cxd4 dxe4 6. Nxe4 Be7 7. Nf3 Nf6
8. Neg5 h6 9. Nxf7 Kxf7 10. Ne5+ Kg8 11. Bc4 Nc6 12. Ng6 Kf7 13. Nxh8+ Qxh8
14. O-O Qd8 15. Be3 a6 16. a3 b5 17. Ba2 Bd7 18. f4 Kg8 19. f5 Nd5 20. Bd2
Bf6 21. Qg4 Qe7 22. Rae1 Kh8 23. Bxd5 Nxd4 24. fxe6 Bc6 25. Rxf6 gxf6 26.
Qxd4 Bxd5 27. Qxd5 Rd8 28. Qh5 Qe8 29. Qxh6+ Kg8 {Black resigns} 1-0

[Event "ICCopen2017"]
[Site "Internet Chess Club"]
[Date "2017.03.25"]
[Round "3"]
[White "bss2005"]
[Black "anakinnn"]
[Result "1-0"]
[ICCResult "Black resigns"]
[WhiteElo "1784"]
[BlackElo "1267"]
[Opening "Alekhine's defense: exchange variation"]
[ECO "B03"]
[NIC "AL.08"]
[Time "14:27:02"]
[TimeControl "180+0"]

1. e4 Nf6 2. e5 Nd5 3. d4 Nb6 4. c4 d6 5. exd6 cxd6 6. Nc3 g6 7. Be3 Bg7 8.
Rc1 O-O 9. b3 Nc6 10. Be2 e5 11. d5 Ne7 12. Nf3 Nf5 13. O-O Nxe3 14. fxe3 f5
15. Qd2 Bh6 16. Rcd1 f4 17. exf4 Bxf4 18. Qc2 Bf5 19. Bd3 Bg4 20. h3 Bxf3
21. Rxf3 Qg5 22. Qf2 Rf7 23. g3 Raf8 24. Ne4 Be3 25. Qxe3 Qxe3+ 26. Rxe3 Nd7
27. Nxd6 Rf2 28. Rf1 Rxa2 29. Rxf8+ Kxf8 30. Nc8 Nc5 31. b4 Ra1+ 32. Kf2 Nb3
33. Be2 Nd4 34. Rxe5 Ra2 35. b5 Rc2 36. Re3 Nxe2 37. Rxe2 Rxc4 38. Nd6 Rc5
39. Rd2 b6 40. Ne4 Rc4 41. d6 Rxe4 42. d7 {Black resigns} 1-0

[Event "ICCopen2017"]
[Site "Internet Chess Club"]
[Date "2017.03.25"]
[Round "3"]
[White "ArchieGoodwin"]
[Black "arshavin2015"]
[Result "1-0"]
[ICCResult "Black resigns"]
[WhiteElo "2591"]
[BlackElo "2043"]
[Opening "Robatsch defense"]
[ECO "B06"]
[NIC "KF.05"]
[Time "14:28:01"]
[TimeControl "180+0"]

1. e4 g6 2. d4 Bg7 3. Nc3 c5 4. Nf3 Qa5 5. d5 d6 6. Bd3 Nf6 7. h3 a6 8. O-O
O-O 9. Re1 e6 10. a4 exd5 11. exd5 Nbd7 12. Bf4 Qc7 13. Qd2 b6 14. Re7 Re8
15. Rae1 Bb7 16. Bc4 Bf8 17. Rxe8 Rxe8 18. Rxe8 Nxe8 19. Qd3 Nb8 20. Ne4 Qd7
21. b3 Bg7 22. Nfg5 h6 23. Ne6 f5 24. Nd2 Nf6 25. Nxg7 Kxg7 26. Nf1 g5 27.
Bc1 Bc8 28. Bb2 Qe7 29. Ng3 f4 30. Nh5+ Kf7 31. Nxf6 Qxf6 32. Qh7+ Ke8 33.
Bxf6 {Black resigns} 1-0

[Event "ICCopen2017"]
[Site "Internet Chess Club"]
[Date "2017.03.25"]
[Round "3"]
[White "SPARNALIQ"]
[Black "Zoogzwang"]
[Result "1-0"]
[ICCResult "Black checkmated"]
[WhiteElo "3004"]
[BlackElo "2197"]
[Opening "Pirc defense"]
[ECO "B07"]
[NIC "PU.08"]
[Time "14:29:41"]
[TimeControl "180+0"]

1. e4 d6 2. d4 Nf6 3. Nc3 e5 4. Nf3 exd4 5. Nxd4 Be7 6. Be3 O-O 7. f3 Re8 8.
Qd2 Bf8 9. O-O-O a6 10. g4 c5 11. Nf5 Nc6 12. g5 Bxf5 13. gxf6 Bg6 14. fxg7
Bxg7 15. Nd5 b5 16. h4 h5 17. Bg5 Qd7 18. Bh3 Qb7 19. Nf6+ Kh8 20. Nxe8 Rxe8
21. Qxd6 c4 22. Bf6 Ne5 23. Bxg7+ Kxg7 24. f4 Qxe4 25. f5 Bh7 26. Rhg1+ Ng6
27. fxg6 Bxg6 28. Qd4+ Qxd4 29. Rxd4 Re2 30. Bf5 Rf2 31. Bxg6 fxg6 32. Rd7+
Kh6 33. Rd6 a5 34. Rdxg6+ Kh7 35. R6g5 Kh6 36. Rxb5 Rh2 37. Rxa5 Rxh4 38.
Ra8 Rf4 39. Rh8# {Black checkmated} 1-0

[Event "ICCopen2017"]
[Site "Internet Chess Club"]
[Date "2017.03.25"]
[Round "3"]
[White "Heian"]
[Black "olivermx"]
[Result "1-0"]
[ICCResult "Black forfeits on time"]
[WhiteElo "1478"]
[BlackElo "770"]
[Opening "Bishop's opening: Classical variation"]
[ECO "C23"]
[NIC "IG.04"]
[Time "14:28:04"]
[TimeControl "180+0"]

1. e4 e5 2. Bc4 Bc5 3. Nc3 Nf6 4. d3 O-O 5. Nf3 Nc6 6. Bg5 h6 7. Bxf6 Qxf6
8. Nd5 Qd8 9. h3 d6 10. Ne3 Re8 11. O-O Be6 12. c3 Bxc4 13. Nxc4 Ne7 14. b4
Bb6 15. Nxb6 cxb6 16. Nh2 Ng6 17. g3 Qc7 18. Rc1 Qd7 19. Kg2 Rac8 20. f4
exf4 21. gxf4 Rc6 22. Rf2 Qc8 23. f5 Ne5 24. Rfc2 Qd7 25. Ng4 Nxg4 26. Qxg4
Qe7 27. Rf2 {Black forfeits on time} 1-0

[Event "ICCopen2017"]
[Site "Internet Chess Club"]
[Date "2017.03.25"]
[Round "3"]
[White "bookseller"]
[Black "GranTorre"]
[Result "0-1"]
[ICCResult "White checkmated"]
[WhiteElo "1369"]
[BlackElo "1794"]
[Opening "Sicilian: Kan, Maróczy bind (Réti variation)"]
[ECO "B41"]
[NIC "SI.41"]
[Time "14:28:48"]
[TimeControl "180+0"]

1. e4 c5 2. Nf3 e6 3. d4 cxd4 4. Nxd4 a6 5. c4 Qc7 6. Nc3 Nc6 7. Be3 Nf6 8.
Be2 d6 9. O-O Be7 10. Rc1 Bd7 11. b3 Rc8 12. f3 Qb8 13. Kh1 Nxd4 14. Bxd4
Bc6 15. Qd2 O-O 16. Rfd1 Rfd8 17. Qe3 b5 18. cxb5 axb5 19. Bxb5 Bxb5 20.
Nxb5 Qxb5 21. Rxc8 Rxc8 22. a4 Qb4 23. Rb1 Rc2 24. Qd3 Qd2 25. Qxd2 Rxd2 26.
Be3 Ra2 27. Bb6 d5 28. exd5 Nxd5 29. Ba5 Bb4 30. Bd8 f5 31. h4 Kf7 32. Kh2
Nf4 33. Kg3 Bd6 34. a5 Rxg2# {White checkmated} 0-1

[Event "ICCopen2017"]
[Site "Internet Chess Club"]
[Date "2017.03.25"]
[Round "3"]
[White "Teoretik"]
[Black "jasrom"]
[Result "0-1"]
[ICCResult "White checkmated"]
[WhiteElo "1666"]
[BlackElo "2025"]
[Opening "French defense"]
[ECO "C00"]
[NIC "FR.01"]
[Time "14:28:55"]
[TimeControl "180+0"]

1. e4 e6 2. Nf3 d5 3. exd5 exd5 4. d4 c6 5. Bd3 Bg4 6. O-O Bd6 7. Nbd2 Ne7
8. c3 Nd7 9. b4 Qc7 10. a4 Bxh2+ 11. Kh1 Bf4 12. b5 O-O 13. Nb3 Bxc1 14.
Rxc1 Qf4 15. Nbd2 Ng6 16. Bxg6 fxg6 17. bxc6 bxc6 18. Qc2 Rf5 19. Nh2 Rh5
20. g3 Qh6 21. f3 Rxh2+ 22. Kg1 Rxd2 23. Qb3 Qh2# {White checkmated} 0-1

[Event "ICCopen2017"]
[Site "Internet Chess Club"]
[Date "2017.03.25"]
[Round "3"]
[White "CapitanCentella"]
[Black "chalimo77"]
[Result "0-1"]
[ICCResult "White resigns"]
[WhiteElo "1825"]
[BlackElo "1554"]
[Opening "Old Benoni defense"]
[ECO "A43"]
[NIC "OI.09"]
[Time "14:28:17"]
[TimeControl "180+0"]

1. d4 c5 2. dxc5 e5 3. Nc3 Bxc5 4. e4 Nf6 5. f3 Qb6 6. Nh3 d5 7. g4 Nc6 8.
Na4 Qb4+ 9. c3 Qa5 10. b4 Nxb4 11. cxb4 Bxb4+ 12. Kf2 dxe4 13. a3 Be7 14.
Bd2 e3+ 15. Bxe3 O-O 16. Bd2 Qd5 17. Be3 Nxg4+ 18. fxg4 Qxh1 19. Bg2 Qxh2
20. Qe2 Bh4+ 21. Kf1 f5 22. g5 f4 23. Bg1 Qg3 24. Qf3 Bxh3 25. Qxg3 fxg3+
26. Ke2 Bxg2 27. Nc5 Bf3+ 28. Ke3 Bxg5+ 29. Kd3 Rad8+ 30. Kc4 Be2+ 31. Kb4
Bd2+ {White resigns} 0-1

[Event "ICCopen2017"]
[Site "Internet Chess Club"]
[Date "2017.03.25"]
[Round "3"]
[White "Koval"]
[Black "xvs"]
[Result "1-0"]
[ICCResult "Black checkmated"]
[WhiteElo "1947"]
[BlackElo "1602"]
[Opening "QGD: 4.Bg5 Be7"]
[ECO "D53"]
[NIC "QO.13"]
[Time "14:28:38"]
[TimeControl "180+0"]

1. d4 e6 2. c4 d5 3. Nc3 Nf6 4. Bg5 Be7 5. cxd5 exd5 6. e3 O-O 7. Bd3 c6 8.
Nge2 Bg4 9. O-O b6 10. f3 Bc8 11. Qd2 Bb7 12. e4 dxe4 13. fxe4 Nbd7 14. e5
Nd5 15. Nxd5 cxd5 16. Bxe7 Qxe7 17. Rac1 a5 18. Rc7 Rfc8 19. Rxb7 a4 20. Bb5
Rd8 21. Nf4 Rab8 22. Nxd5 Qf8 23. Rxd7 Rxd7 24. Bxd7 Qd8 25. Bc6 Rc8 26. Qf4
Qf8 27. Bxa4 h6 28. Bb3 Rd8 29. Qg4 Kh8 30. h4 b5 31. Kh1 Qe8 32. Ne3 Rd7
33. Nf5 Qf8 34. h5 b4 35. Kh2 Rc7 36. d5 Rc5 37. e6 fxe6 38. dxe6 Re5 39. e7
Rxe7 40. Nxe7 Qxe7 41. Qc8+ Kh7 42. Qg8# {Black checkmated} 1-0

[Event "ICCopen2017"]
[Site "Internet Chess Club"]
[Date "2017.03.25"]
[Round "3"]
[White "Nakia"]
[Black "M-Ezat"]
[Result "1-0"]
[ICCResult "Black forfeits on time"]
[WhiteElo "1747"]
[BlackElo "2208"]
[Opening "Caro-Kann: advance variation"]
[ECO "B12"]
[NIC "CK.02"]
[Time "14:27:10"]
[TimeControl "180+0"]

1. e4 c6 2. d4 d5 3. e5 c5 4. c3 Nc6 5. h3 Bf5 6. Bd3 Bxd3 7. Qxd3 e6 8. a3
Nge7 9. Nf3 Nf5 10. O-O Be7 11. b4 cxd4 12. cxd4 O-O 13. Nc3 f6 14. Re1 fxe5
15. dxe5 Nh4 16. Nxh4 Bxh4 17. Nd1 Rc8 18. Be3 Nxe5 19. Qd4 Nc4 20. Qg4
{Black forfeits on time}
1-0

[Event "ICCopen2017"]
[Site "Internet Chess Club"]
[Date "2017.03.25"]
[Round "3"]
[White "PeterOsgood"]
[Black "Biraporto"]
[Result "1-0"]
[ICCResult "Black checkmated"]
[WhiteElo "1773"]
[BlackElo "1232"]
[Opening "Queen's gambit accepted"]
[ECO "D20"]
[NIC "QG.03"]
[Time "14:29:47"]
[TimeControl "180+0"]

1. d4 d5 2. c4 dxc4 3. e3 Nc6 4. Bxc4 Nf6 5. Nf3 h6 6. O-O g5 7. Qe2 Bg4 8.
Nc3 h5 9. h3 Bxh3 10. gxh3 g4 11. Ne5 gxh3 12. Bxf7# {Black checkmated} 1-0

[Event "ICCopen2017"]
[Site "Internet Chess Club"]
[Date "2017.03.25"]
[Round "3"]
[White "grioghar"]
[Black "carpedef"]
[Result "1-0"]
[ICCResult "Black checkmated"]
[WhiteElo "1279"]
[BlackElo "1754"]
[Opening "Queen's pawn game"]
[ECO "A45"]
[NIC "QP.07"]
[Time "14:27:30"]
[TimeControl "180+0"]

1. d4 Nf6 2. Nc3 g6 3. Bg5 d5 4. Qd2 Bg7 5. Bh6 O-O 6. Bxg7 Kxg7 7. O-O-O
Nbd7 8. Nf3 c5 9. Ne5 e6 10. Nxd7 Bxd7 11. dxc5 Rc8 12. f3 Rxc5 13. g4 b5
14. g5 Ne8 15. Qd4+ Kg8 16. Qxc5 Nc7 17. f4 Na6 18. Qd4 Qa5 19. Kb1 b4 20.
Ne4 dxe4 21. Qxd7 Nc5 22. Qd4 Rc8 23. e3 Qc7 24. Bc4 a5 25. h4 Qe7 26. h5
Na4 27. h6 Qf8 28. Qxe4 Rb8 29. Bxe6 Nc3+ 30. bxc3 bxc3+ 31. Bb3 a4 32. Qxa4
Ra8 33. Qd4 Rc8 34. Qg7+ Qxg7 35. hxg7 Kxg7 36. Rd7 Re8 37. Rxf7+ Kg8 38.
Rfxh7+ Kf8 39. Rh8+ Ke7 40. Rxe8+ Kxe8 41. Rh7 Kf8 42. Bf7 Ke7 43. Bxg6+ Kd6
44. f5 Ke5 45. f6 Ke6 46. f7 Kd7 47. Rh8 Kd6 48. f8=Q+ Kc6 49. Qb4 Kd5 50.
Rd8+ Ke5 51. Qf4+ Ke6 52. Qf5+ Ke7 53. Qf6# {Black checkmated} 1-0

[Event "ICCopen2017"]
[Site "Internet Chess Club"]
[Date "2017.03.25"]
[Round "3"]
[White "Revolutions"]
[Black "blackjack721"]
[Result "1-0"]
[ICCResult "Black forfeits on time"]
[WhiteElo "1803"]
[BlackElo "1332"]
[Opening "Philidor's defense"]
[ECO "C41"]
[NIC "KP.10"]
[Time "14:27:49"]
[TimeControl "180+0"]

1. e4 e5 2. Nf3 d6 3. Bc4 Be6 4. Bb5+ c6 5. Ba4 Nd7 6. O-O f5 7. exf5 Bxf5
8. d4 e4 9. Ng5 d5 10. c4 h6 11. Qh5+ g6 12. Qh4 Bg7 13. Nh3 Qxh4 14. Nf4
Bxd4 15. cxd5 Be5 16. g3 Qf6 17. dxc6 bxc6 18. Bxc6 Qxc6 19. Nc3 Ngf6 20.
Be3 Ng4 21. Rac1 Nxe3 22. fxe3 Qb6 23. Ncd5 Qxb2 24. Nc7+ Bxc7 25. Rxc7 g5
26. Ng2 Bh3 27. Ne1 Rf8 28. Rxf8+ Kxf8 29. Rc2 Qb1 30. Kf2 Ne5 31. Ke2 Bg4+
32. Kd2 Qd1+ 33. Kc3 Rc8+ 34. Kb2 Rxc2+ 35. Nxc2 Qd2 36. Kb3 Nd3 37. Nd4
Bd1+ 38. Kc4 Qxe3 39. Ne6+ Kf7 40. Nd8+ Ke7 41. Nc6+ Kd7 42. Nb8+ Kc7 43.
Na6+ Kb6 44. Nb4 Nxb4 45. a3 Qe2+ 46. Kd4 Nc2+ 47. Ke5 {Black forfeits on
time} 1-0

[Event "ICCopen2017"]
[Site "Internet Chess Club"]
[Date "2017.03.25"]
[Round "3"]
[White "AAlekin28"]
[Black "flashlight"]
[Result "1-0"]
[ICCResult "Black forfeits on time"]
[WhiteElo "2612"]
[BlackElo "2053"]
[Opening "Sicilian defense"]
[ECO "B40"]
[NIC "SI.43"]
[Time "14:27:51"]
[TimeControl "180+0"]

1. e4 c5 2. Nf3 e6 3. c3 d5 4. exd5 Qxd5 5. d4 Nf6 6. Be2 Nc6 7. O-O Be7 8.
Be3 cxd4 9. Nxd4 Nxd4 10. Bxd4 O-O 11. Nd2 Qd8 12. Bf3 Nd5 13. Qb3 Bf6 14.
Bc5 Be7 15. Bd4 Bf6 16. Bxf6 Qxf6 17. Rad1 Nf4 18. Ne4 Qg6 19. Qb4 e5 20.
Rd6 Be6 21. Nc5 a5 22. Qb6 Rae8 23. Qxb7 Nh3+ 24. Kh1 Ng5 25. Nxe6 fxe6 26.
Bc6 Rb8 27. Qe7 Rxb2 28. Rd8 Qf7 29. Qxg5 Rxf2 30. Rxf8+ Qxf8 31. Rxf2 Qxf2
32. Qd8+ Kf7 33. Qe8+ {Black forfeits on time} 1-0

[Event "ICCopen2017"]
[Site "Internet Chess Club"]
[Date "2017.03.25"]
[Round "3"]
[White "RebelJohnny"]
[Black "neverend"]
[Result "0-1"]
[ICCResult "White resigns"]
[WhiteElo "2042"]
[BlackElo "2577"]
[Opening "Bird's opening"]
[ECO "A02"]
[NIC "VO.07"]
[Time "14:27:50"]
[TimeControl "180+0"]

1. f4 Nf6 2. Nf3 g6 3. b3 Bg7 4. Bb2 O-O 5. e3 d6 6. Be2 c5 7. O-O Nc6 8. c4
e5 9. fxe5 Ng4 10. Nc3 Ngxe5 11. Nxe5 Nxe5 12. Nd5 Be6 13. d4 Nc6 14. Nf4
cxd4 15. exd4 Qb6 16. Nxe6 fxe6 17. Rxf8+ Rxf8 18. Kh1 Bxd4 19. Bxd4 Qxd4
20. Qxd4 Nxd4 21. Bd3 Rf2 22. h3 Kg7 23. Rd1 e5 24. c5 dxc5 25. Re1 Kf6 26.
Bc4 b5 27. Bd5 Rxa2 28. Rf1+ Ke7 29. Rf7+ Kd6 30. Be4 Re2 31. Ba8 Nxb3 32.
Rxa7 c4 33. Bf3 Rb2 34. Rxh7 c3 35. Be4 c2 36. Bxc2 Rxc2 37. Rh6 Kd5 38.
Rxg6 Nd4 39. h4 Rc6 40. Rg8 Rb6 41. g4 b4 42. g5 b3 43. g6 b2 {White
resigns} 0-1

[Event "ICCopen2017"]
[Site "Internet Chess Club"]
[Date "2017.03.25"]
[Round "3"]
[White "leonardoalmeida"]
[Black "TheRocket"]
[Result "1-0"]
[ICCResult "Black checkmated"]
[WhiteElo "1888"]
[BlackElo "2168"]
[Opening "Van't Kruijs opening"]
[ECO "A00"]
[Time "14:27:54"]
[TimeControl "180+0"]

1. e3 d6 2. b3 Nf6 3. Bb2 g6 4. d4 Bg7 5. Be2 O-O 6. Nf3 Nc6 7. O-O e5 8.
dxe5 Ng4 9. Nbd2 Ncxe5 10. Qc1 Nxf3+ 11. Nxf3 Ne5 12. Rd1 Qe7 13. Nxe5 dxe5
14. c4 f5 15. c5 Be6 16. Bc4 c6 17. Bxe6+ Qxe6 18. Rd6 Qe7 19. Qc4+ Kh8 20.
Rad1 Rad8 21. h3 Rxd6 22. cxd6 Qd7 23. f4 e4 24. Bxg7+ Kxg7 25. Qd4+ Rf6 26.
Qxa7 Rxd6 27. Rxd6 Qxd6 28. Qxb7+ Kh6 29. Qb6 Qa3 30. Kh2 Qxa2 31. Qxc6 Qxb3
32. Qc5 Qb2 33. Qe7 Qf2 34. Qf8+ Kh5 35. Qg7 h6 36. Qd4 Kh4 37. Qd8+ Kh5 38.
Qd4 g5 39. Qc5 gxf4 40. Qxf5+ Kh4 41. Qg4# {Black checkmated} 1-0

[Event "ICCopen2017"]
[Site "Internet Chess Club"]
[Date "2017.03.25"]
[Round "3"]
[White "ucanresign"]
[Black "Datwinnik"]
[Result "1/2-1/2"]
[ICCResult "Game drawn by mutual agreement"]
[WhiteElo "1562"]
[BlackElo "1368"]
[Opening "Queen's pawn game, Chigorin variation"]
[ECO "D02"]
[NIC "QP.08"]
[Time "14:28:52"]
[TimeControl "180+0"]

1. d4 d5 2. Nf3 Nc6 3. Bf4 Bg4 4. e3 Nf6 5. Be2 Ne4 6. h3 Bh5 7. O-O e6 8.
c3 h6 9. Nbd2 Bd6 10. Bxd6 Qxd6 11. Nxe4 dxe4 12. Nd2 Bxe2 13. Qxe2 f5 14.
Rad1 O-O 15. Nc4 Qe7 16. f4 a6 17. Ne5 Nxe5 18. dxe5 Rad8 19. Rd4 Rxd4 20.
cxd4 c6 21. b3 Rc8 22. Rc1 Kf7 23. Qc4 Qd7 24. Kh2 Rg8 25. g3 Qd5 26. Qxd5
exd5 27. b4 g5 28. a4 gxf4 29. gxf4 h5 30. a5 h4 31. Rg1 Rxg1 32. Kxg1 Ke7
33. Kf2 Kd7 34. Ke2 Kc7 35. Kd2 b6 36. Kc3 b5 37. Kb3 Kd7 38. Kc3 Ke6 39.
Kb3 Ke7 40. Kc3 Ke6 {Game drawn by mutual agreement} 1/2-1/2